 Dungeon Crawl Stone Soup version 0.26.0-18-gc5c842f807 (webtiles) character file.

Game seed: 11047205106885599312

5600 GordonOverkill the Arsonist (level 11, 0/67 HPs)
             Began as a Kobold Fire Elementalist on Jan 23, 2021.
             Was a Believer of Sif Muna.
             Slain by a death yak (20 damage)
             ... on level 8 of the Dungeon.
             The game lasted 01:09:04 (16639 turns).

GordonOverkill the Arsonist (KoFE)                 Turns: 16639, Time: 01:09:04

Health: 0/67       AC:  9    Str:  6    XL:     11   Next: 3%
Magic:  30/30      EV: 15    Int: 20    God:    Sif Muna [**....]
Gold:   509        SH:  0    Dex: 15    Spells: 11/23 levels left

rFire    + . .     SeeInvis .   B - +1 dagger (venom)
rCold    . . .     Faith    .   (shield restricted)
rNeg     . . .     Spirit   .   s - +3 leather armour {rF+}
rPois    .         Reflect  .   i - +2 helmet
rElec    .         Harm     .   (no cloak)
rCorr    .         Rampage  .   (no gloves)
Will     +....                  (no boots)
Stlth    ++++......             e - amulet of magic regeneration
HPRegen  0.21/turn              t - ring of magical power
MPRegen  0.47/turn              x - ring of willpower

@: no status effects
A: small, nightstalker 3
a: Renounce Religion, Channel Magic


You were on level 8 of the Dungeon.
You worshipped Sif Muna.
Sif Muna was pleased with you.
You visited 2 branches of the dungeon, and saw 11 of its levels.

You collected 509 gold pieces.

Inventory:

Hand Weapons
 a - a +1 dagger of freezing
 b - a +0 hunting sling
 B - a +1 dagger of venom (weapon)
 M - a +2 spear of venom
Missiles
 d - 159 stones
 g - 123 sling bullets
 n - 17 boomerangs
 y - 15 poisoned darts (quivered)
Armour
 i - a +2 helmet (worn)
 s - a +3 leather armour of fire resistance (worn)
 v - a +0 ring mail of poison resistance
 N - a +2 kite shield
Magical Staves
 q - an uncursed staff of death
Jewellery
 e - an amulet of magic regeneration (around neck)
 t - a ring of magical power (left hand)
 x - a ring of willpower (right hand)
 A - an uncursed ring of flight
 C - an uncursed amulet of regeneration {unknown}
 D - an uncursed ring of positive energy {unknown}
 G - a cursed amulet of inaccuracy {unknown}
Wands
 h - a wand of random effects (36)
 H - a wand of paralysis (5)
 P - a wand of iceblast (7)
Scrolls
 c - 3 scrolls of teleportation
 l - 3 scrolls of fog
 m - a scroll of immolation
 o - a scroll of enchant armour {unknown}
 r - 8 scrolls of remove curse
 w - a scroll of amnesia {unknown}
 E - a scroll of blinking
 K - a scroll of noise {unknown}
 R - a scroll of identify
Potions
 f - 3 potions of heal wounds
 j - a potion of attraction
 k - a potion of flight
 p - a potion of ambrosia
 u - a potion of invisibility
 z - a potion of might {unknown}
 F - a potion of haste
 I - a potion of mutation {unknown}
 J - 2 potions of curing
 L - a potion of resistance
 O - a potion of brilliance {unknown}
 Q - 2 potions of berserk rage {unknown}


   Skills:
 - Level 7.0 Fighting
 - Level 3.0 Short Blades
 - Level 3.0 Throwing
 - Level 2.0 Armour
 - Level 3.0 Dodging
 - Level 5.0 Stealth
 + Level 6.8 Spellcasting
 + Level 7.5 Conjurations
 * Level 8.0 Fire Magic
 - Level 2.0 Invocations
 + Level 4.2 Evocations


You had 11 spell levels left.
You knew the following spells:

 Your Spells              Type           Power        Failure   Level
a - Foxfire               Conj/Fire      100%         1%          1
b - Sticky Flame          Conj/Fire      37%          6%          4
c - Fireball              Conj/Fire      18%          17%         5
d - Searing Ray           Conj           74%          1%          2

Your spell library contained the following spells:

 Spells                   Type           Power        Failure   Level
 Magic Dart               Conj           100%         1%          1
 Conjure Flame            Conj/Fire      37%          1%          3
 Inner Flame              Hex/Fire       22%          9%          3
 Dazzling Flash           Conj/Hex       42%          10%         3
 Beastly Appendage        Tmut           12%          14%         1
 Wereblood                Tmut           6%           22%         2
 Fulminant Prism          Conj/Hex       10%          30%         4
 Iskenderun's Mystic Bla  Conj/Tloc      21%          30%         4
 Spider Form              Tmut/Pois      3%           41%         3
 Ice Form                 Ice/Tmut       6%           82%         4
 Blade Hands              Tmut           3%           99%         5


Dungeon Overview and Level Annotations

Branches:
Dungeon (10/15)            Temple (1/1) D:6            Lair (0/6) D:9
    Orc (0/2) D:9

Altars:
Ashenzari
Cheibriados
Dithmenos
Elyvilon
Fedhas
Gozag
Hepliaklqana
Kikubaaqudgha
Makhleb
Nemelex Xobeh
Okawaru
Qazlal
Ru
Sif Muna
Trog
Uskayaw
Vehumet
Wu Jian
Xom
Yredelemnul
Zin
The Shining One


Innate Abilities, Weirdness & Mutations

You are small and have problems with some larger weapons.
You are completely attuned to the shadows.


Message History

The death yak burns!
The death yak stops burning.
Unknown command.
Unknown command.
The death yak completely misses you.
The death yak snorts and paws the ground.
The death yak gores you!
* * * LOW HITPOINT WARNING * * *
Things that are here:
24 arrows; a +0 shortbow
Things that are here:
24 arrows; a +0 shortbow
Things that are here:
24 arrows; a +0 shortbow The death yak gores you!!
* * * LOW HITPOINT WARNING * * *
Things that are here:
24 arrows; a +0 shortbow
There is a stone staircase leading up, spattered with blood here.
The death yak gores you!!
You die...

,*,,,,,,.........##........,***,*
,*,,,,,,.........##.........',,,,
,*,,,,,,....................#*##*
,*,,,,,,............Y.......#...,
,*,,,,,,.........#####....#.#.#**
,*,,,,,,,,,,.....##...........#
,**'******,,..)..##.#######.###
,**,,,,***,,.....##..........#***
,,,,,,,,,,,,....@Y(............,,
******,****,#.######.########.##*
*** *,*,,,,..* #..# *.#
,,****,*,**,,,* ##.## *,*
,,,,**,*,,,,,,*** #..# *,***
,,,,**,*,***,,,,* ##.# *)*,,
,,,,**,*,,,,*,*,* #.## *,,*,
,,,***,*,**,*,*,######..#****,,,*
,,,* *,*,,*,*,*,#.......##,,),,,,


You could see a death yak.

Vanquished Creatures
  A death yak (D:8)
  Maggie (D:8)
  Eustachio (D:6)
  7 yaks
  Edmund (D:6)
  A black bear (D:9)
  An orc warrior (D:9)
  A phantom (D:10)
  3 ogres
  2 sky beasts
  4 centaurs
  5 bullfrogs
  A gnoll sergeant (D:8)
  6 killer bees (D:8)
  A scorpion (D:7)
  9 wights
  2 electric eels (D:9)
  A howler monkey (D:4)
  2 centaur zombies
  2 orc priests
  A hound (D:9)
  3 jellies
  6 orc wizards
  4 bullfrog skeletons
  3 iguanas
  4 worker ants
  A killer bee zombie (D:9)
  2 hound skeletons
  Robin (D:2)
  A worker ant zombie (D:8)
  12 gnolls
  11 adders
  A howler monkey skeleton (D:5)
  2 shadow imps
  7 white imps
  4 ufetubi
  4 oozes
  An adder zombie (D:8)
  2 adder skeletons
  3 worms
  A dart slug (D:1)
  3 leopard geckos
  26 orcs
  5 giant cockroaches
  21 goblins
  11 hobgoblins
  8 jackals
  12 kobolds
  7 quokkas
  15 bats
  10 frilled lizards
  A jackal skeleton (D:7)
  A leopard gecko zombie (D:5)
  A quokka skeleton (D:7)
  2 quokka zombies
  8 rats
257 creatures vanquished.

Vanquished Creatures (others)
  662 foxfires
662 creatures vanquished.

Grand Total: 919 creatures vanquished

Notes
Turn   | Place    | Note
-------+----------+-------------------------------------------
     0 | D:1      | GordonOverkill the Kobold Fire Elementalist began the quest
                  | for the Orb.
     0 | D:1      | Reached XP level 1. HP: 10/10 MP: 3/3
   507 | D:1      | Reached XP level 2. HP: 10/15 MP: 0/5
  1245 | D:2      | Reached XP level 3. HP: 19/19 MP: 2/6
  1294 | D:2      | Reached skill level 5 in Stealth
  1859 | D:2      | Noticed Robin
  1916 | D:2      | Killed Robin
  1917 | D:2      | Reached XP level 4. HP: 21/24 MP: 0/7
  2238 | D:2      | Found a bloodstained altar of Trog.
  2366 | D:2      | Reached skill level 1 in Fighting
  2434 | D:2      | Noticed a sky beast
  2455 | D:2      | Learned a level 4 spell: Sticky Flame
  3202 | D:1      | Reached XP level 5. HP: 29/29 MP: 6/8
  5535 | D:3      | Reached XP level 6. HP: 35/35 MP: 10/10
  6176 | D:4      | Reached skill level 1 in Short Blades
  6176 | D:4      | Reached skill level 1 in Throwing
  6285 | D:4      | Reached skill level 4 in Fire Magic
  6915 | D:2      | Killed a sky beast
  6916 | D:2      | Reached XP level 7. HP: 40/40 MP: 4/12
  7559 | D:5      | Entered Level 5 of the Dungeon
  8671 | D:5      | Reached XP level 8. HP: 46/46 MP: 12/14
  9420 | D:6      | Noticed Eustachio
  9657 | D:6      | Learned a level 5 spell: Fireball
  9660 | D:6      | Learned a level 2 spell: Searing Ray
  9725 | D:6      | You fall into a shaft and drop 2 floors!
 10013 | D:7      | Reached skill level 5 in Fire Magic
 10178 | D:7      | Reached skill level 5 in Spellcasting
 10296 | D:6      | Noticed Edmund
 10316 | D:6      | Killed Edmund
 10317 | D:6      | Reached skill level 5 in Fighting
 10317 | D:6      | Reached skill level 5 in Conjurations
 10317 | D:6      | Reached XP level 9. HP: 41/54 MP: 16/16
 10625 | D:6      | Killed Eustachio
 10626 | D:6      | Reached skill level 1 in Evocations
 11195 | D:6      | Found a staircase to the Ecumenical Temple.
 11274 | Temple   | Entered the Ecumenical Temple
 11334 | Temple   | Became a worshipper of Sif Muna the Loreminder
 11646 | D:7      | Reached skill level 1 in Armour
 12431 | D:8      | Noticed Maggie
 12445 | D:8      | Killed Maggie
 12446 | D:8      | Reached skill level 1 in Invocations
 12800 | D:8      | Reached skill level 6 in Fire Magic
 12800 | D:8      | Reached XP level 10. HP: 31/60 MP: 6/19
 13470 | D:8      | Reached * piety under Sif Muna
 13805 | D:9      | Noticed a death yak
 13861 | D:9      | Noticed a two-headed ogre
 14038 | D:9      | Noticed a death yak
 14039 | D:9      | Noticed a death yak
 14653 | D:8      | Killed a death yak
 14654 | D:8      | Reached skill level 7 in Fire Magic
 14716 | D:9      | Found a radiant altar of Vehumet.
 14735 | D:10     | Entered Level 10 of the Dungeon
 15514 | D:9      | Reached ** piety under Sif Muna
 15888 | D:9      | Reached XP level 11. HP: 54/65 MP: 17/21
 15957 | D:9      | Found a staircase to the Orcish Mines.
 16078 | D:9      | Found a staircase to the Lair.
 16094 | D:8      | Reached skill level 8 in Fire Magic
 16639 | D:8      | Slain by a death yak

Illustrated notes

Levels and vault maps discovered:
D:1:      minmay_arrival_diagonal_passages, layout_basic
D:2:      layout_loops_ring, roderic_lattice_a, trog_butcher_becter, uniq_robin
D:3:      layout_loops_corners, serial_park_tiny_2, minmay_goblin_kobold_house
D:4:      layout_loops_ring, item_on_display_a
D:5:      layout_cave_pods
D:6:      layout_gridville, temple_pool_b, uniq_eustachio, uniq_edmund
D:7:      layout_loops_cross
D:8:      layout_basic, minivault_26, uniq_maggie
D:9:      lemuel_insect_pit, layout_basic, overflow_temple_1_default,
          dpeg_lair_monsters, orc_0_dummy
D:10:     layout_basic, serial_curves, eino_curves_02, eino_curves_04,
          makhleb_altar_promises_db
Temple:   grunt_wide_crystal_templ

Skill      XL: |  1  2  3  4  5  6  7  8  9 10 11 |
---------------+----------------------------------+-----
Stealth        | 3 4 5 |  5.0
Fighting       | 1 2 3 5 6 7 |  7.0
Conjurations   | 2 3 5 6 7 |  7.5
Spellcasting   | 3 4 5 6 |  6.8
Short Blades   | 1 3 |  3.0
Throwing       | 1 2 3 |  3.0
Fire Magic     | 4 5 6 7 8 |  8.0
Dodging        | 3 |  3.0
Evocations     | 2 4 |  4.2
Armour         | 2 |  2.0
Invocations    | 2 |  2.0

Action                   |  1- 3 |  4- 6 |  7- 9 | 10-12 || total
-------------------------+-------+-------+-------+-------++-------
Melee: Dagger            |       |    43 |    73 |    47 ||   163
 Fire: Hunting sling     |       |    28 |    26 |       ||    54
Throw: Dart              |       |       |     4 |       ||     4
 Cast: Foxfire           |    61 |   162 |   145 |    29 ||   397
       Sticky Flame      |       |     1 |    37 |    47 ||    85
       Searing Ray       |       |       |       |     1 ||     1
       Fireball          |       |       |       |     1 ||     1
Evoke: Wand              |       |       |       |     6 ||     6
  Use: Scroll            |       |     3 |     4 |     2 ||     9
       Potion            |       |     1 |       |     2 ||     3
 Stab: Sleeping          |       |     9 |    15 |     8 ||    32
       Distracted        |       |       |       |     1 ||     1
       Paralysed         |       |       |       |     1 ||     1
Armor: Robe              |     3 |    23 |    13 |       ||    39
       Leather armour    |       |       |    18 |    24 ||    42
Dodge: Dodged            |    27 |    95 |   125 |    63 ||   310
